Map: Newkirk Precinct TE (Void)

Players

Railgan

  • Race: Zerg Zerg
  • League: Grandmaster
  • Spawn Location: 7:00

Xaoras - Winner!

  • Race: Zerg Zerg
  • League: Master
  • Spawn Location: 5:00

VOD

Have the link to the VOD?

Description

Time

  • Played on: March 23, 2017, 5:08 p.m.
  • Length: 5:39
Show
View Real Time Build Order
Export as new Build Order

Railgan Zerg 

Build Orders: Hatch First 

Get SALT Encoding   

  12  0:01  Drone  
  13  0:13  Overlord  
  13  0:18  Drone  
  14  0:31  Drone x2  
  16  0:36  Drone  
  17  0:55  Hatchery  
  17  0:56  Drone  
  17  1:00  Drone  
  18  1:10  Extractor  
  17  1:17  Spawning Pool  
  16  1:20  Drone  
  16  1:23  Drone  
  18  1:29  Drone  
  19  1:39  Overlord  
  19  1:53  Drone  
  20  2:04  Zergling x2, Queen  
  20  2:06  Queen  
  20  2:07  Zergling x2  
  26  2:13  Drone  
  26  2:14  Metabolic Boost  
  27  2:35  Hatchery  
  26  2:37  Drone  
  26  2:40  Drone  
  26  2:43  Drone  
  29  2:47  Zergling x2  
  29  2:50  Drone  
  31  3:10  Roach Warren  
  31  3:12  Zergling x6  
  32  3:13  Zergling x2  
  32  3:17  Overlord  
  32  3:21  Zergling x2  
  32  3:25  Zergling x2  
  34  3:28  Zergling x4  
  34  3:33  Overlord  
  36  3:44  Zergling x2  
  36  3:45  Zergling x6  
  40  3:50  Overlord  
  40  3:54  Roach  
  40  3:59  Roach  
  40  4:02  Roach  
  44  4:07  Roach  
  46  4:11  Roach  
  46  4:15  Roach  
  50  4:22  Roach x2  
  54  4:28  Drone  
  55  4:34  Roach x2  
  59  4:40  Overlord  
  59  4:41  Drone  
  60  4:50  Roach x2  
  56  4:53  Roach  
  56  4:55  Zergling x2  
  44  5:04  Zergling x2  
  44  5:05  Zergling x4  
  38  5:08  Roach  
  36  5:15  Roach  
  36  5:19  Roach  
Show
View Real Time Build Order
Export as new Build Order

Xaoras Zerg - Winner!

Build Orders: Hatch First 

Get SALT Encoding   

  12  0:00  Drone  
  13  0:13  Overlord  
  13  0:17  Drone  
  14  0:23  Extractor  
  14  0:24  Drone  
  15  0:31  Drone  
  16  0:36  Drone  
  17  0:53  Hatchery  
  17  0:56  Drone  
  17  0:59  Drone  
  17  1:03  Extractor  
  17  1:15  Spawning Pool  
  17  1:18  Drone  
  17  1:21  Drone  
  18  1:28  Drone  
  19  1:40  Overlord  
  19  1:54  Drone  
  20  2:04  Metabolic Boost, Queen  
  20  2:05  Queen  
  20  2:07  Zergling x2  
  25  2:10  Drone  
  25  2:13  Drone  
  27  2:16  Drone  
  27  2:22  Drone  
  29  2:32  Drone  
  29  2:34  Drone  
  31  2:46  Hatchery  
  30  2:53  Baneling Nest  
  30  2:54  Zergling x4  
  30  3:08  Zergling x4  
  30  3:09  Extractor, Zergling x4  
  34  3:18  Hatchery  
  34  3:22  Overlord  
  34  3:23  Zergling x4  
  36  3:30  Overlord  
  35  3:48  Zergling x4  
  35  3:49  Zergling x8  
  39  3:58  Zergling x6  
  39  4:00  Queen  
  39  4:02  Zergling x8  
  48  4:13  Zergling x2  
  48  4:14  Zergling x2  
  50  4:21  Baneling  
  50  4:22  Baneling  
  50  4:25  Zergling x4  
  52  4:33  Zergling x6  
  52  4:34  Zergling x6  
  52  4:37  Overlord  
  58  4:38  Baneling  
  58  4:39  Baneling  
  58  4:42  Overlord  
  58  4:49  Zergling x8  
  54  4:58  Zergling x4  
  50  5:06  Zergling x2  
  50  5:07  Zergling x14  
  57  5:16  Zergling x4  
  58  5:22  Baneling  
Tags
 
Add a new tag
Caveats
  • Supply blocks, unpowered buildings, or Contaminate may cause inaccurate times.
  • Supply counts are checked every 10 seconds.